Map: Orbital Shipyard

Players

SticklerMac - Winner!

  • Race: Zerg Zerg
  • League: Silver

Marl

  • Race: Terran Terran
  • League: Silver

VOD

Have the link to the VOD?

Description

Time

  • Played on: Sept. 20, 2015, 11:34 a.m.
  • Length: 13:14
Show
View Real Time Build Order
Export as new Build Order

SticklerMac Zerg - Winner!

Build Orders: Hatch First 

Get SALT Encoding   

  12  0:00  Drone  
  13  0:08  Drone  
  14  0:17  Overlord  
  14  0:36  Drone x3  
  17  0:54  Drone  
  18  0:59  Hatchery  
  18  1:01  Drone  
  18  1:06  Extractor  
  18  1:08  Drone  
  18  1:19  Drone  
  19  1:27  Spawning Pool  
  19  1:29  Drone  
  19  1:45  Drone  
  20  1:52  Drone  
  21  2:03  Drone  
  21  2:11  Drone  
  21  2:14  Metabolic Boost  
  22  2:15  Drone  
  22  2:17  Queen x2  
  27  2:28  Drone  
  27  2:29  Overlord  
  28  2:40  Baneling Nest, Drone  
  28  2:50  Overlord x2  
  28  2:52  Overlord  
  28  3:01  Lair  
  28  3:08  Drone  
  28  3:09  Drone  
  28  3:10  Drone x2  
  32  3:18  Drone x2  
  34  3:40  Zergling x2  
  37  3:41  Zergling x16  
  43  3:52  Drone  
  43  3:54  Drone  
  45  3:58  Hatchery  
  45  4:01  Drone  
  45  4:09  Zergling x12  
  52  4:10  Zergling x2  
  52  4:18  Overseer  
  52  4:19  Centrifical Hooks  
  52  4:25  Drone, Extractor  
  52  4:27  Overlord x2  
  52  4:47  Zergling x6  
  52  4:48  Zergling x14  
  62  4:54  Drone x2  
  64  5:01  Drone  
  64  5:04  Drone  
  66  5:11  Evolution Chamber x2, Drone  
  66  5:12  Drone  
  66  5:20  Zergling x2  
  66  5:51  Zergling x2  
  66  5:52  Zergling x14  
  66  5:53  Overlord  
  66  5:54  Overlord x3  
  74  6:00  Baneling x4  
  74  6:01  Baneling x13  
  66  6:41  Queen  
  66  6:44  Zerg Melee Weapons Level 1  
  58  7:00  Zergling x26  
  67  7:13  Zergling x4  
  67  7:14  Zergling x8  
  73  7:20  Zergling x2  
  73  7:21  Zergling x2  
  75  7:28  Zergling x2  
  75  7:29  Zergling x6  
  76  7:35  Zergling x2  
  76  7:36  Zergling x4  
  63  7:48  Zergling x2  
  63  7:49  Zergling x10  
  69  7:55  Zergling x2  
  69  7:56  Zergling x10  
  70  8:10  Overseer  
  68  8:28  Spire  
  64  8:55  Hatchery  
  63  9:13  Zergling x6  
  67  10:00  Drone x2  
  67  10:06  Drone  
  41  12:09  Drone  
  41  12:10  Drone  
  41  12:11  Drone x2  
  41  12:12  Drone  
  41  12:13  Drone  
  41  12:14  Drone x3  
  41  12:15  Drone x3  
  53  12:16  Drone  
  54  12:57  Drone  
  54  12:58  Drone x2  
  57  12:59  Drone  
  57  13:00  Drone x2  
  57  13:01  Drone  
Show
View Real Time Build Order
Export as new Build Order

Marl Terran 

Build Orders: Liberator Opening, Mech 

Get SALT Encoding   

  12  0:00  SCV  
  13  0:13  SCV  
  14  0:18  Supply Depot  
  14  0:25  SCV  
  15  0:40  SCV  
  15  0:41  Barracks  
  16  0:52  SCV  
  16  0:54  Refinery  
  17  1:04  SCV  
  18  1:20  SCV  
  18  1:25  Command Center  
  19  1:28  Marine  
  21  1:32  SCV  
  21  1:46  Supply Depot  
  21  1:49  Marine  
  22  1:55  Orbital Command  
  22  2:07  Marine  
  23  2:10  Refinery  
  23  2:18  Factory  
  23  2:31  SCV  
  24  2:43  SCV, Marine  
  26  3:00  Command Center  
  26  3:02  Factory Tech Lab  
  25  3:07  SCV  
  25  3:08  SCV  
  27  3:16  Starport  
  27  3:25  SCV  
  27  3:26  SCV  
  29  3:27  Factory Reactor  
  29  3:40  Refinery, Orbital Command  
  29  3:43  SCV, Refinery  
  29  3:46  Liberator  
  30  3:49  Marine  
  30  3:55  Supply Depot, SCV  
  35  4:11  SCV  
  36  4:20  Orbital Command  
  36  4:23  SCV x2  
  38  4:30  Factory  
  38  4:35  Marine  
  38  4:37  Widow Mine  
  38  4:38  Widow Mine  
  41  4:42  SCV  
  44  4:58  SCV x2  
  46  5:00  SCV  
  46  5:06  Widow Mine x2  
  49  5:08  Liberator  
  49  5:11  Factory  
  49  5:14  Factory  
  51  5:22  Marine  
  51  5:27  Factory Tech Lab, Unknown  
  55  5:36  Engineering Bay  
  55  5:37  SCV  
  55  5:38  SCV x2  
  55  5:42  Armory  
  58  5:49  SCV  
  59  5:50  SCV x2  
  59  5:56  Marine  
  62  5:59  Factory Tech Lab  
  62  6:00  Factory Reactor  
  62  6:01  SCV  
  63  6:32  Orbital Command  
  63  6:39  Hellion  
  67  6:40  Hellion  
  67  6:51  Siege Tank  
  67  6:53  Supply Depot  
  68  6:54  Supply Depot  
  68  6:55  Supply Depot  
  68  6:58  Supply Depot  
  68  6:59  Supply Depot  
  68  7:00  Supply Depot  
  58  7:15  Hellion x4, Siege Tank  
  38  7:23  Siege Tank  
  12  9:32  Widow Mine  
  12  9:34  Hellion  
  12  9:37  Liberator  
  10  9:47  Orbital Command  
  10  9:50  Hellion  
  10  9:51  Hellion  
  8  9:55  Hellion  
  13  10:02  Hellion  
  13  10:06  Orbital Command  
  15  10:12  Hellion x2  
  19  10:16  Hellion  
  21  10:23  Hellion  
  21  10:24  SCV  
  24  10:34  Hellion  
Tags
 
Add a new tag
Caveats
  • Supply blocks, unpowered buildings, or Contaminate may cause inaccurate times.
  • Supply counts are checked every 10 seconds.